 Dungeon Crawl Stone Soup version 0.17.0-19-gb37c632 (console) character file.

101 Kloppie the Chucker (level 4, 0/38 HPs)
             Began as a Demigod Hunter on Nov 12, 2015.
             Killed by nerve-wracking pain
             ... invoked by an orc priest
              (13 damage)
             ... on level 5 of the Dungeon.
             The game lasted 00:07:30 (2841 turns).

Kloppie the Chucker (Demigod Hunter)                Turns: 2841, Time: 00:07:31

Health: 0/38       AC:  7    Str: 17    XL:     4   Next: 24%
Magic:  6/6        EV: 10    Int: 15    God:
Gold:   198        SH:  0    Dex: 16    Spells: 0 memorised, 3 levels left

rFire  . . .     SeeInvis .     a - +0 mace
rCold  . . .     Clarity  .     y - +0 scale mail
rNeg   . . .     SustAt   +     (no shield)
rPois  .         Gourm    .     (no helmet)
rElec  .         Spirit   .     (no cloak)
rCorr  .         Warding  .     (no gloves)
rMut   .         Stasis   .     w - +0 pair of boots
MR     .....                    (no amulet)
Stlth  ..........               (no ring)
                                (no ring)

@: not resistant to hostile enchantments, extremely unstealthy
A: high mp 1, sustain attributes
a: no special abilities


You were on level 5 of the Dungeon.
You were not hungry.

You visited 1 branch of the dungeon, and saw 5 of its levels.

You collected 198 gold pieces.

Inventory:

Hand Weapons
 a - a +0 mace (weapon)
 b - a +0 blowgun
 c - a +0 short sword
Missiles
 n - 2 throwing nets (quivered)
 x - 8 poisoned needles
Armour
 p - a +0 plate armour
 w - a +0 pair of boots (worn)
 y - a +0 scale mail (worn)
Scrolls
 f - 4 scrolls of identify {unknown}
 g - 4 scrolls of remove curse {unknown}
 i - a scroll of fear {unknown}
 m - a scroll of random uselessness {unknown}
 r - a scroll of noise {unknown}
 s - 2 scrolls of immolation {unknown}
 t - a scroll of magic mapping {unknown}
 u - a scroll of enchant armour {unknown}
Potions
 h - a potion of magic {unknown}
 l - a potion of lignification {unknown}
Comestibles
 e - 4 bread rations
 j - 4 meat rations
 k - 2 beef jerkies
 q - 2 fruits
 v - a slice of pizza


   Skills:
 + Level 3.5 Fighting
 + Level 1.5 Maces & Flails
 - Level 4.0 Throwing
 - Level 1.7 Dodging
 - Level 0.8 Stealth


You had 3 spell levels left.
You didn't know any spells.

Dungeon Overview and Level Annotations

Branches:
Dungeon (5/15)             Temple (0/1) D:4

Annotations:
D:4 Grinder


Innate Abilities, Weirdness & Mutations

You have an increased reservoir of magic (+10% MP).
Your attributes are resistant to harm.


Message History

Press: ? - help, Shift-Dir - straight line, f/p - orc priest
Aim: an orc priest, wearing a leather armour (moderately wounded)
You throw a javelin.
The javelin barely misses the orc priest.
Throwing (i - inventory. (,) - cycle):
o - a javelin (quivered)
Press: ? - help, Shift-Dir - straight line, f/p - orc priest
Aim: an orc priest, wearing a leather armour (moderately wounded)
You throw a javelin.
The javelin closely misses the orc priest.
You hit the orc priest but do no damage.
The orc priest is moderately wounded.
The orc priest mumbles some strange prayers to Beogh against you.
Pain shoots through your body!
* * * LOW HITPOINT WARNING * * *
All of the chunks of flesh in your inventory have rotted away.
You closely miss the orc priest.
The orc priest is moderately wounded.
The orc priest calls down the wrath of Beogh upon you.
Pain shoots through your body!
You die...

#.###.#####.#
#........##.#
#..##.##.##.#
#..##.##.##.#######
#..##.#............
#..##.#.###.###.###
#.####..##.#. #.#
#.# # #.......##.#.
#.# #.###
#######@##.#. #.#
#.... #o##... ..#
##### #(# .. ...
### .#. ###. #.. ##
(# . #.# (# .# #..
.# ##. .# .......
.# ######.


You could see an orc priest.

Vanquished Creatures
  A worker ant zombie (D:5)
  2 adders
  4 worms
  An adder skeleton (D:4)
  3 orcs (D:3)
  7 bats
  7 goblins
  4 hobgoblins
  3 kobolds
  A quokka (D:2)
  A ball python (D:2)
  A giant gecko (D:3)
  4 giant newts
  3 jackals (D:1)
  17 rats
59 creatures vanquished.

Notes
Turn   | Place    | Note
--------------------------------------------------------------
     0 | D:1      | Kloppie the Demigod Hunter began the quest for the Orb.
     0 | D:1      | Reached XP level 1. HP: 17/17 MP: 3/3
   199 | D:1      | Reached XP level 2. HP: 24/24 MP: 4/4
   758 | D:2      | Found an iron altar of Okawaru.
   806 | D:2      | Reached skill level 4 in Throwing
   999 | D:2      | Reached XP level 3. HP: 30/30 MP: 5/5
  1106 | D:2      | Found a white marble altar of Elyvilon.
  1572 | D:2      | Noticed a moth of wrath
  1575 | D:2      | Found a bloodstained altar of Trog.
  1610 | D:2      | Reached skill level 1 in Maces & Flails
  2116 | D:3      | Reached XP level 4. HP: 38/38 MP: 6/6
  2238 | D:4      | Found a staircase to the Ecumenical Temple.
  2397 | D:4      | Noticed Grinder
  2623 | D:5      | Entered Level 5 of the Dungeon
  2841 | D:5      | Killed from afar by an orc priest

Action                   |  1- 3 |  4- 6 || total
-------------------------+-------+-------++-------
Melee: Short sword       |    79 |       ||    79
       Mace              |    78 |    29 ||   107
Throw: Javelin           |    18 |     6 ||    24
  Eat: Chunk             |     4 |     2 ||     6
